ESL (28 & UNDER)
MT PLEASANT BEARCATS @ PENQUANNOCK OVERRATED JETER
08/30/2026
 
TOP OF THE 1ST
Mt Pleasant Bearcats batting - Pitching for Penquannock Overrated Jeter : RHP Richard Edwards
Pitching: RHP Richard Edwards
Batting: RHB Patrick Potts 0-0: Ball
1-0: Ball
2-0: Called Strike
2-1: SINGLE (Groundball, 56D)
Batting: RHB Ichizo Akiyama 0-0: Ball
1-0: SINGLE (Groundball, 4MD)
Patrick Potts to second
Runner from 2nd tries for 3rd, SAFE, no throw or cutoff
Batting: LHB Robert Moore 0-0: Fly out, F4 (Popup, 4)
Batting: SHB Roberto Rivera 0-0: Ball
1-0: Foul Ball, location: 2F
1-1: Ball
2-1: Ball
3-1: Base on Balls
Ichizo Akiyama to second
Batting: RHB Pat Fernández 0-0: Swinging Strike
0-1: Ball
1-1: Called Strike
1-2: Foul Ball, location: 2F
1-2: Ball
2-2: Ball
3-2: Base on Balls
Patrick Potts scores
Ichizo Akiyama to third
Roberto Rivera to second
Batting: RHB Ricardo Salazar 0-0: Swinging Strike
0-1: SINGLE (Flyball, 89M)
Ichizo Akiyama scores
Roberto Rivera to third
Pat Fernández to second
Batting: RHB Luis Maldonado 0-0: Ball
Wild Pitch!
Roberto Rivera scores
Pat Fernández to third
Ricardo Salazar to second
1-0: Ball
2-0: Ball
3-0: Base on Balls
Batting: RHB Jeffrey Hicks 0-0: Ball
Balk!
Pat Fernández scores
Ricardo Salazar to third
Luis Maldonado to second
1-0: Called Strike
1-1: Swinging Strike
1-2: SINGLE (Groundball, 6D)
Ricardo Salazar scores
Luis Maldonado to third
Batting: RHB Roberto Martínez 0-0: Called Strike
0-1: Called Strike
0-2: Foul Ball, location: 2F
0-2: Ball
1-2: Ball
2-2: Foul Ball, location: 2F
2-2: 3-RUN HOME RUN (Flyball, 7D), Distance : 373 ft
Batting: RHB Patrick Potts 0-0: Ball
1-0: Ball
2-0: Ball
3-0: Base on Balls
Batting: RHB Ichizo Akiyama 0-0: Called Strike
Patrick Potts is caught stealing 2nd base
0-1: Fly out, F4 (Popup, 4MD)
Top of the 1st over - 8 run(s), 5 hit(s), 0 error(s), 0 left on base; Mt Pleasant 8 - Penquannock 0
BOTTOM OF THE 1ST
Penquannock Overrated Jeter batting - Pitching for Mt Pleasant Bearcats : RHP Tim Hill
Pitching: RHP Tim Hill
Batting: RHB António Rodríguez 0-0: Ball
1-0: Called Strike
1-1: Fly out, F9 (Flyball, 9S)
Batting: SHB Caden Keith 0-0: Ball
1-0: Ball
2-0: Fly out, F8 (Flyball, 89XD)
Batting: LHB Roberto Trujillo 0-0: Called Strike
0-1: Called Strike
0-2: Foul Ball, location: 2F
0-2: Ball
1-2: Ball
2-2: Strikes out swinging
Bottom of the 1st over - 0 run(s), 0 hit(s), 0 error(s), 0 left on base; Mt Pleasant 8 - Penquannock 0
TOP OF THE 2ND
Mt Pleasant Bearcats batting - Pitching for Penquannock Overrated Jeter : RHP Richard Edwards
Batting: LHB Robert Moore 0-0: Ball
1-0: Ball
2-0: Called Strike
2-1: Called Strike
2-2: Ball
3-2: Foul Ball, location: 2F
3-2: Base on Balls
Batting: SHB Roberto Rivera 0-0: Ball
1-0: Fly out, F9 (Flyball, 89D)
Pitching: RHP Santiago González
Batting: RHB Pat Fernández 0-0: Swinging Strike
0-1: Ball
1-1: Called Strike
1-2: DOUBLE (Line Drive, 9LM)
Robert Moore to third
Batting: RHB Ricardo Salazar 0-0: Ball
1-0: Ground out 4-3 (Groundball, 4)
Robert Moore scores
Pat Fernández to third
Batting: RHB Luis Maldonado 0-0: Called Strike
0-1: Ball
1-1: Ball
2-1: Swinging Strike
2-2: Strikes out swinging
Top of the 2nd over - 1 run(s), 1 hit(s), 0 error(s), 1 left on base; Mt Pleasant 9 - Penquannock 0
BOTTOM OF THE 2ND
Penquannock Overrated Jeter batting - Pitching for Mt Pleasant Bearcats : RHP Tim Hill
Batting: LHB Ron Robinson 0-0: Ball
1-0: Fly out, F5 (Line Drive, 56)
Batting: LHB Pete Weber 0-0: Foul Ball, location: 2F
0-1: Ball
1-1: Foul Ball, location: 2F
1-2: Ball
2-2: Ground out 1-3 (Groundball, 13)
Batting: LHB Tony Green 0-0: Ball
1-0: Swinging Strike
1-1: Fly out, F5 (Line Drive, 56S)
Bottom of the 2nd over - 0 run(s), 0 hit(s), 0 error(s), 0 left on base; Mt Pleasant 9 - Penquannock 0
TOP OF THE 3RD
Mt Pleasant Bearcats batting - Pitching for Penquannock Overrated Jeter : RHP Santiago González
Batting: RHB Jeffrey Hicks 0-0: Ball
1-0: Ground out 5-3 (Groundball, 56)
Batting: RHB Roberto Martínez 0-0: Ground out 5-3 (Groundball, 56)
Batting: RHB Patrick Potts 0-0: Ball
1-0: Ball
2-0: Ground out 5-3 (Groundball, 56)
Top of the 3rd over - 0 run(s), 0 hit(s), 0 error(s), 0 left on base; Mt Pleasant 9 - Penquannock 0
BOTTOM OF THE 3RD
Penquannock Overrated Jeter batting - Pitching for Mt Pleasant Bearcats : RHP Tim Hill
Batting: RHB Tim Hanson 0-0: Ball
1-0: Ball
2-0: Called Strike
2-1: Ball
3-1: Base on Balls
Batting: RHB Armando Pagán 0-0: Called Strike
0-1: Called Strike
Tim Hanson steals 2nd base
0-2: Ball
1-2: Ground out 4-3 (Groundball, 4)
Tim Hanson to third
Batting: LHB Dave Pitts 0-0: Ball
1-0: Ball
2-0: Swinging Strike
2-1: Ball
3-1: Base on Balls
Batting: RHB António Rodríguez 0-0: Ball
1-0: Called Strike
1-1: Swinging Strike
1-2: Foul Ball, location: 2F
1-2: Ball
2-2: Ball
3-2: Foul Ball, location: 2F
3-2: Base on Balls
Dave Pitts to second
Batting: SHB Caden Keith 0-0: Foul Ball, location: 2F
0-1: Ball
1-1: Foul Ball, location: 2F
1-2: Ball
2-2: DOUBLE (Popup, 7LS)
Tim Hanson scores
Dave Pitts scores
António Rodríguez to third
Batting: LHB Roberto Trujillo 0-0: Called Strike
0-1: Foul Ball, location: 2F
0-2: Ball
1-2: Ball
2-2: Ball
3-2: Foul Ball, location: 2F
3-2: DOUBLE (Popup, 5D)
António Rodríguez scores
Caden Keith scores
Batting: LHB Ron Robinson 0-0: Called Strike
0-1: Ball
1-1: Called Strike
1-2: Ball
2-2: Foul Ball, location: 2F
2-2: Ball
3-2: Strikes out swinging
Batting: LHB Pete Weber 0-0: Ball
1-0: SINGLE (Groundball, 4MD)
Roberto Trujillo to third
Runner from 3rd tries for Home, SAFE, no throw or cutoff
Batting: LHB Tony Green 0-0: Ball
1-0: Foul Ball, location: 2F
1-1: Ball
2-1: Ball
3-1: Swinging Strike
3-2: Foul Ball, location: 2F
3-2: Base on Balls
Pete Weber to second
Batting: RHB Tim Hanson 0-0: Ball
1-0: Ball
2-0: Ball
3-0: Called Strike
3-1: Foul Ball, location: 2F
3-2: Ground out 5-3 (Groundball, 5S)
Bottom of the 3rd over - 5 run(s), 3 hit(s), 0 error(s), 2 left on base; Mt Pleasant 9 - Penquannock 5
TOP OF THE 4TH
Mt Pleasant Bearcats batting - Pitching for Penquannock Overrated Jeter : RHP Santiago González
Batting: RHB Ichizo Akiyama 0-0: Called Strike
0-1: Ball
1-1: Foul Ball, location: 2F
1-2: Ball
2-2: Foul Ball, location: 2F
2-2: Ball
3-2: Foul Ball, location: 2F
3-2: Foul Ball, location: 2F
3-2: Foul Ball, location: 2F
3-2: Strikes out swinging
Batting: LHB Robert Moore 0-0: Ball
1-0: Foul Ball, location: 2F
1-1: Ball
2-1: Ground out 4-3 (Groundball, 4)
Batting: SHB Roberto Rivera 0-0: Called Strike
0-1: Ball
1-1: Ball
2-1: Ball
3-1: Foul Ball, location: 2F
3-2: Base on Balls
Batting: RHB Pat Fernández 0-0: Called Strike
0-1: Called Strike
0-2: Strikes out looking
Top of the 4th over - 0 run(s), 0 hit(s), 0 error(s), 1 left on base; Mt Pleasant 9 - Penquannock 5
BOTTOM OF THE 4TH
Penquannock Overrated Jeter batting - Pitching for Mt Pleasant Bearcats : RHP Tim Hill
Batting: RHB Armando Pagán 0-0: Called Strike
0-1: Called Strike
0-2: Strikes out swinging
Batting: LHB Dave Pitts 0-0: Fly out, F2 (Popup, 2LF)
Batting: RHB António Rodríguez 0-0: Ground out 5-3 (Groundball, 56)
Bottom of the 4th over - 0 run(s), 0 hit(s), 0 error(s), 0 left on base; Mt Pleasant 9 - Penquannock 5
TOP OF THE 5TH
Mt Pleasant Bearcats batting - Pitching for Penquannock Overrated Jeter : RHP Santiago González
Batting: RHB Ricardo Salazar 0-0: Swinging Strike
0-1: Swinging Strike
0-2: Strikes out looking
Batting: RHB Luis Maldonado 0-0: Swinging Strike
0-1: Ball
1-1: Foul Ball, location: 2F
1-2: Foul Ball, location: 2F
1-2: Ball
2-2: SINGLE (Flyball, 89S)
Batting: RHB Jeffrey Hicks 0-0: Ball
1-0: Swinging Strike
1-1: Swinging Strike
1-2: Ball
2-2: Foul Ball, location: 2F
2-2: Strikes out looking
Batting: RHB Roberto Martínez 0-0: Ball
1-0: Called Strike
1-1: Ball
2-1: Ball
3-1: Foul Ball, location: 2F
3-2: Strikes out swinging
Top of the 5th over - 0 run(s), 1 hit(s), 0 error(s), 1 left on base; Mt Pleasant 9 - Penquannock 5
BOTTOM OF THE 5TH
Penquannock Overrated Jeter batting - Pitching for Mt Pleasant Bearcats : RHP Tim Hill
Batting: SHB Caden Keith 0-0: Foul Ball, location: 2F
0-1: Ball
1-1: Called Strike
1-2: SINGLE (Line Drive, 89S)
Pitching: RHP Mike Horton
Batting: LHB Roberto Trujillo 0-0: Called Strike
Caden Keith steals 2nd base
0-1: Foul Ball, location: 2F
0-2: DOUBLE (Line Drive, 5D)
Caden Keith scores
Batting: LHB Ron Robinson 0-0: Foul Ball, location: 2F
0-1: Ball
1-1: Foul Ball, location: 2F
1-2: Ball
2-2: Fly out, F8 (Flyball, 8RXD)
Runner from 2nd tags up, SAFE at 3rd, no throw
Batting: LHB Pete Weber 0-0: Ground out 6-3 (Groundball, 6M)
Roberto Trujillo scores
Batting: LHB Tony Green 0-0: Ground out 6-3 (Groundball, 6)
Bottom of the 5th over - 2 run(s), 2 hit(s), 0 error(s), 0 left on base; Mt Pleasant 9 - Penquannock 7
TOP OF THE 6TH
Mt Pleasant Bearcats batting - Pitching for Penquannock Overrated Jeter : RHP Santiago González
Batting: RHB Patrick Potts 0-0: Foul Ball, location: 2F
0-1: Ball
1-1: Ball
2-1: Ball
3-1: Called Strike
3-2: DOUBLE (Flyball, 78M)
Batting: RHB Ichizo Akiyama 0-0: Called Strike
0-1: Ground out 6-3 (Groundball, 6)
Batting: LHB Robert Moore 0-0: Called Strike
0-1: Ball
1-1: Ball
2-1: Ball
3-1: Base on Balls
Batting: SHB Roberto Rivera 0-0: Foul Ball, location: 2F
0-1: Called Strike
0-2: Ball
1-2: Strikes out swinging
Batting: RHB Pat Fernández 0-0: Called Strike
0-1: Ground out 1-3 (Groundball, 13)
Top of the 6th over - 0 run(s), 1 hit(s), 0 error(s), 2 left on base; Mt Pleasant 9 - Penquannock 7
BOTTOM OF THE 6TH
Penquannock Overrated Jeter batting - Pitching for Mt Pleasant Bearcats : RHP Mike Horton
Batting: RHB Tim Hanson 0-0: Fly out, F7 (Line Drive, 7M)
Batting: RHB Armando Pagán 0-0: Ball
1-0: Foul Ball, location: 2F
1-1: Ball
2-1: Ball
3-1: Base on Balls
Batting: LHB Dave Pitts 0-0: Foul Ball, location: 2F
0-1: Ball
1-1: Called Strike
1-2: Foul Ball, location: 2F
1-2: Fly out, F8 (Flyball, 78M)
Batting: RHB António Rodríguez 0-0: Ball
Armando Pagán is caught stealing 2nd base
Bottom of the 6th over - 0 run(s), 0 hit(s), 0 error(s), 0 left on base; Mt Pleasant 9 - Penquannock 7
TOP OF THE 7TH
Mt Pleasant Bearcats batting - Pitching for Penquannock Overrated Jeter : RHP Santiago González
Pitching: RHP Joaquín Rojas
Batting: RHB Ricardo Salazar 0-0: Ball
1-0: Fly out, F8 (Line Drive, 8RM)
Batting: RHB Luis Maldonado 0-0: Swinging Strike
0-1: Fly out, F4 (Popup, 4D)
Batting: RHB Jeffrey Hicks 0-0: Ball
1-0: Ball
2-0: Foul Ball, location: 2F
2-1: Swinging Strike
2-2: Fly out, F8 (Flyball, 8LM)
Top of the 7th over - 0 run(s), 0 hit(s), 0 error(s), 0 left on base; Mt Pleasant 9 - Penquannock 7
BOTTOM OF THE 7TH
Penquannock Overrated Jeter batting - Pitching for Mt Pleasant Bearcats : RHP Mike Horton
Pitching: RHP Bill Sampson
Batting: RHB António Rodríguez 0-0: Ball
1-0: Ball
2-0: Called Strike
2-1: Ball
3-1: Ground out 1-3 (Groundball, 15)
Batting: SHB Caden Keith 0-0: Called Strike
0-1: SINGLE (Groundball, 34D) (infield hit)
Batting: LHB Roberto Trujillo 0-0: Ball
1-0: Ball
2-0: Called Strike
2-1: Ball
3-1: Foul Ball, location: 2F
3-2: Strikes out swinging
Caden Keith steals 2nd base
Batter strikes out.
Batting: LHB Ron Robinson 0-0: Ball
1-0: Ball
2-0: Ball
3-0: Called Strike
3-1: Base on Balls
Batting: LHB Pete Weber 0-0: Called Strike
0-1: Called Strike
0-2: Foul Ball, location: 2F
0-2: Ball
1-2: Ball
2-2: Ground out 4-3 (Groundball, 4)
Bottom of the 7th over - 0 run(s), 1 hit(s), 0 error(s), 2 left on base; Mt Pleasant 9 - Penquannock 7
TOP OF THE 8TH
Mt Pleasant Bearcats batting - Pitching for Penquannock Overrated Jeter : RHP Joaquín Rojas
Batting: RHB Roberto Martínez 0-0: Ball
1-0: Foul Ball, location: 2F
1-1: Swinging Strike
1-2: Foul Ball, location: 2F
1-2: Ball
2-2: Ball
3-2: Foul Ball, location: 2F
3-2: DOUBLE (Line Drive, 5D)
Batting: RHB Patrick Potts 0-0: Ball
1-0: Ball
2-0: Called Strike
2-1: 2-RUN HOME RUN (Flyball, 8LXD), Distance : 430 ft
Pitching: RHP Toshikuni Nishimura
Batting: RHB Ichizo Akiyama 0-0: Ball
1-0: Ball
2-0: Ball
3-0: Base on Balls
Batting: LHB Robert Moore 0-0: Ball
1-0: Swinging Strike
1-1: Foul Ball, location: 2F
1-2: Strikes out swinging
Batting: SHB Roberto Rivera 0-0: Ball
1-0: Ball
2-0: Foul Ball, location: 2F
2-1: Ball
3-1: Grounds out, U3 (Groundball, 3L)
Batting: RHB Pat Fernández 0-0: Swinging Strike
0-1: Called Strike
0-2: Strikes out swinging
Top of the 8th over - 2 run(s), 2 hit(s), 0 error(s), 1 left on base; Mt Pleasant 11 - Penquannock 7
BOTTOM OF THE 8TH
Penquannock Overrated Jeter batting - Pitching for Mt Pleasant Bearcats : RHP Bill Sampson
Batting: LHB Tony Green 0-0: Ball
1-0: Ball
2-0: Called Strike
2-1: Ball
3-1: Foul Ball, location: 2F
3-2: Strikes out looking
Batting: RHB Tim Hanson 0-0: Called Strike
0-1: Fly out, F7 (Flyball, 7S)
Batting: RHB Armando Pagán 0-0: SOLO HOME RUN (Flyball, 89XD), Distance : 407 ft
Batting: LHB Dave Pitts 0-0: Ball
1-0: Ball
2-0: SINGLE (Line Drive, 8LS)
Pitching: RHP Sancho Mendoza
Batting: RHB António Rodríguez 0-0: Ball
1-0: Ball
2-0: Called Strike
2-1: Called Strike
2-2: Strikes out swinging
Bottom of the 8th over - 1 run(s), 2 hit(s), 0 error(s), 1 left on base; Mt Pleasant 11 - Penquannock 8
TOP OF THE 9TH
Mt Pleasant Bearcats batting - Pitching for Penquannock Overrated Jeter : RHP Toshikuni Nishimura
Batting: RHB Ricardo Salazar 0-0: Ball
1-0: DOUBLE (Groundball, 5L)
Batting: RHB Luis Maldonado 0-0: Foul Ball, location: 2F
0-1: Ball
1-1: Foul Ball, location: 2F
1-2: Ball
2-2: Strikes out swinging
Batting: RHB Jeffrey Hicks 0-0: Intentional Walk
Batting: RHB Roberto Martínez 0-0: Swinging Strike
0-1: Foul Ball, location: 2F
0-2: SINGLE (Groundball, 4MD)
Ricardo Salazar to third
Jeffrey Hicks to second
Runner from 3rd tries for Home, SAFE, no throw or cutoff
Batting: RHB Patrick Potts 0-0: Called Strike
0-1: Fielders Choice at 2nd, 4-6 (Groundball, 4)
Jeffrey Hicks to third
Batting: RHB Ichizo Akiyama 0-0: Called Strike
0-1: Swinging Strike
0-2: Foul Ball, location: 2F
0-2: Ball
1-2: Ball
2-2: Strikes out looking
Top of the 9th over - 1 run(s), 2 hit(s), 0 error(s), 2 left on base; Mt Pleasant 12 - Penquannock 8
BOTTOM OF THE 9TH
Penquannock Overrated Jeter batting - Pitching for Mt Pleasant Bearcats : RHP Sancho Mendoza
Batting: SHB Caden Keith 0-0: Called Strike
0-1: SINGLE (Groundball, 4MD) (infield hit)
Batting: LHB Roberto Trujillo 0-0: Ball
1-0: Ball
2-0: Ball
3-0: Called Strike
3-1: Base on Balls
Caden Keith to second
Pitching: RHP Kenshin Kubota
Batting: LHB Ron Robinson 0-0: Ball
1-0: TRIPLE (Flyball, 9D)
Caden Keith scores
Roberto Trujillo scores
Batting: LHB Pete Weber 0-0: Called Strike
0-1: Foul Ball, location: 2F
0-2: Foul Ball, location: 2F
0-2: Foul Ball, location: 2F
0-2: Ball
1-2: Strikes out swinging
Batting: LHB Tony Green 0-0: Foul Ball, location: 2F
0-1: Ball
1-1: Called Strike
1-2: Ball
2-2: Foul Ball, location: 2F
2-2: Ball
3-2: Foul Ball, location: 2F
3-2: Foul Ball, location: 2F
3-2: Base on Balls
Batting: RHB Tim Hanson 0-0: Called Strike
0-1: Ball
1-1: Grounds into double play, U6-3 (Groundball, 6M)
Bottom of the 9th over - 2 run(s), 2 hit(s), 0 error(s), 1 left on base; Mt Pleasant 12 - Penquannock 10
Monday, December 5th, 2016 - OOTP Baseball 17.12 Build 75